 Dungeon Crawl Stone Soup version 0.27-a0-607-g1ad3dbde53 (webtiles) character file.

Game seed: 16787016613504881150

513 Gaff the Skirmisher (level 7, -10/63 (72) HPs)
             Began as an Ogre Warper on Mar 13, 2021.
             Was an Initiate of Gozag.
             Mangled by a wight
             ... wielding a +4 halberd of freezing
              (13 damage)
             ... on level 6 of the Dungeon.
             The game lasted 00:22:40 (5208 turns).

Gaff the Skirmisher (Ogre Warper)                   Turns: 5208, Time: 00:22:40

HP:   -10/63 (72)   AC:  8    Str: 18    XL:     7   Next: 20%
MP:   13/13         EV: 10    Int: 14    God:    Gozag
Gold: 405           SH:  0    Dex:  8    Spells: 9/14 levels left

rFire    + . .     SeeInvis .   a - +0 mace
rCold    . . .     Faith    .   (no shield)
rNeg     . . .     Spirit   .   b - +0 robe
rPois    .         Reflect  .   (helmet restricted)
rElec    .         Harm     .   p - +0 cloak
rCorr    .         Rampage  .   (gloves unavailable)
Will     .....                  (boots unavailable)
Stlth    +.........             l - amulet of regeneration
HPRegen  1.20/turn              o - ring of protection from fire
MPRegen  0.13/turn              r - +4 ring of protection

@: heavily drained
A: large, unfitting armour, tough skin 1
a: Renounce Religion, Potion Petition, Call Merchant, Bribe Branch


You were on level 6 of the Dungeon.
You worshipped Gozag.
Gozag was aware of your devotion.
You visited 1 branch of the dungeon, and saw 6 of its levels.

You collected 426 gold pieces.
You paid 21 gold pieces to Gozag.

Inventory:

Hand Weapons
 a - a +0 mace (weapon)
 h - a +1 short sword of speed
 v - a +1 vorpal hand axe
 w - a +1 hand axe of flaming
Missiles
 e - 5 boomerangs of dispersal
 i - 131 stones
 j - 7 large rocks
 q - 27 poisoned darts (quivered)
 u - 3 boomerangs
 x - a throwing net
Armour
 b - a +0 robe (worn)
 p - a +0 cloak (worn)
Jewellery
 l - an amulet of regeneration (around neck)
 n - a ring of ice
 o - a ring of protection from fire (right hand)
 r - a +4 ring of protection (left hand)
 s - a ring of fire
Wands
 y - a wand of iceblast (4)
Scrolls
 d - a scroll of blinking
 f - a scroll of random uselessness
 g - 3 scrolls of identify
 k - a scroll of immolation
 m - a scroll of teleportation
 t - a scroll of magic mapping
Potions
 c - a potion of heal wounds


   Skills:
 + Level 5.0 Fighting
 + Level 3.4 Maces & Flails
 - Level 1.0 Throwing
 + Level 3.6 Dodging
 + Level 4.2 Spellcasting
 + Level 4.0 Translocations


You had 9 spell levels left.
You knew the following spells:

 Your Spells              Type           Power      Damage    Failure   Level
a - Blink                 Tloc           N/A        N/A       5%          2
b - Teleport Other        Tloc           14%        N/A       11%         3

Your spell library contained the following spells:

 Spells                   Type           Power      Damage    Failure   Level
 Gell's Gravitas          Tloc           7%         N/A       11%         3
 Lesser Beckoning         Tloc           7%         N/A       11%         3
 Manifold Assault         Tloc           14%        N/A       34%         4


Dungeon Overview and Level Annotations

Branches:
Dungeon (6/15)
 Temple: D:4-7

Altars:
Fedhas
Gozag
Hepliaklqana
Makhleb
Ru

Annotations:
D:2 1 runed translucent door, Crazy Yiuf
D:3 2 transporters
D:4 1 runed translucent door, Eustachio; Pikel; emsyzz's ghost, novice DEFE
D:5 3 runed translucent doors, Edmund; Exe's ghost, novice MiAr
D:6 Maggie


Innate Abilities, Weirdness & Mutations

You are too large for most types of armour.
You have tough skin. (AC +1)


Message History

You hit the wight.
The wight is heavily damaged.
The wight hits you but does no damage.
The wight hits you from afar with a +4 halberd of freezing.
The wight freezes you.
You barely miss the wight.
The wight is heavily damaged.
The wight closely misses you. The wight hits you but does no damage.
You hit the wight.
The wight is heavily damaged.
The wight hits you but does no damage.
The wight hits you from afar with a +4 halberd of freezing!
You feel drained. The wight freezes you.
You hit the wight but do no damage.
The wight is heavily damaged.
The wight closely misses you.
The wight hits you from afar with a +4 halberd of freezing.
You feel drained. The wight freezes you.
You hit the wight.
The wight is severely damaged.
The wight hits you with a +0 hand axe.
You feel drained.
The wight hits you from afar with a +4 halberd of freezing.
* * * LOW HITPOINT WARNING * * *
The wight freezes you.
* * * LOW HITPOINT WARNING * * *
The wight hits you with a +0 hand axe.
* * * LOW HITPOINT WARNING * * *
You feel drained.
You barely miss the wight.
The wight is severely damaged.
The wight hits you from afar with a +4 halberd of freezing!
* * * LOW HITPOINT WARNING * * *
The wight freezes you.
* * * LOW HITPOINT WARNING * * *
The wight hits you but does no damage.
You hit the wight but do no damage.
The wight is severely damaged.
The wight hits you from afar with a +4 halberd of freezing!
You die...
Your body crumbles into a pile of gold.

###### #....#
#.##.# #z##.#
#z##.# #@##.#
#.<#.# ######z#
## #......# ..
#.######
###.#.###########
#...........z...#
#.#.#.#########.#
#.#.# #.#


You could see 2 wights.

Vanquished Creatures
  An orc warrior (D:4)
  4 lemures
  A scorpion (D:5)
  4 hounds
  An orc priest (D:5)
  3 orc wizards
  A worker ant (D:5)
  3 adders
  A shadow imp (D:6)
  A white imp (D:5)
  4 adder skeletons
  3 worms
  2 dart slugs
  3 leopard geckos
  8 orcs
  A ball python (D:1)
  2 giant cockroaches
  6 goblins
  3 hobgoblins
  5 kobolds
  A quokka (D:5)
  3 bats
  5 frilled lizards
  A quokka skeleton (D:5)
  7 rats
74 creatures vanquished.

Vanquished Creatures (others)
  A fungus (D:2)
1 creature vanquished.

Grand Total: 75 creatures vanquished

Notes
Turn   | Place    | Note
-------+----------+-------------------------------------------
     0 | D:1      | Gaff the Ogre Warper began the quest for the Orb.
     0 | D:1      | Reached XP level 1. HP: 22/22 MP: 3/3
   135 | D:1      | Reached XP level 2. HP: 29/29 MP: 3/5
   454 | D:1      | Reached skill level 3 in Fighting
   832 | D:1      | Reached XP level 3. HP: 23/37 MP: 7/7
   981 | D:1      | Learned a level 2 spell: Blink
  1422 | D:2      | Found a runed translucent door.
  1423 | D:2      | Noticed Crazy Yiuf
  1549 | D:2      | Found an opulent altar of Gozag.
  2087 | D:2      | Became a worshipper of Gozag Ym Sagoz the Greedy
  2195 | D:3      | Noticed a scorpion
  2295 | D:3      | Found a transporter.
  2303 | D:3      | Found a transporter.
  2388 | D:3      | Noticed a kobold brigand
  2489 | D:3      | Reached XP level 4. HP: 45/45 MP: 8/8
  2525 | D:3      | Found a sacrificial altar of Ru.
  3042 | D:3      | Reached XP level 5. HP: 50/54 MP: 9/9
  3049 | D:3      | Learned a level 3 spell: Teleport Other
  3113 | D:4      | Noticed Eustachio
  3144 | D:4      | Reached skill level 4 in Fighting
  3195 | D:4      | Found a runed translucent door.
  3199 | D:4      | Noticed emsyzz's ghost (novice DEFE)
  3239 | D:5      | Entered Level 5 of the Dungeon
  3239 | D:5      | Noticed Edmund
  3241 | D:5      | Noticed an ogre
  3325 | D:4      | Found a hazy altar of Hepliaklqana.
  3325 | D:4      | Found a blossoming altar of Fedhas.
  3326 | D:4      | Found a burning altar of Makhleb.
  3351 | D:5      | Noticed Pikel
  3351 | D:5      | Noticed a lemure
  3351 | D:5      | Noticed a lemure
  3351 | D:5      | Noticed a lemure
  3351 | D:5      | Noticed a lemure
  3385 | D:4      | Killed a lemure
  3487 | D:4      | Killed a lemure
  3639 | D:5      | Killed a lemure
  3777 | D:5      | Reached XP level 6. HP: 60/62 MP: 11/11
  3931 | D:5      | Noticed a steam dragon
  3982 | D:5      | Found a runed translucent gate.
  3982 | D:5      | Found a runed translucent gate.
  3982 | D:5      | Found a runed translucent gate.
  3983 | D:5      | Found an opulent altar of Gozag.
  3983 | D:5      | Noticed an orc warrior
  3984 | D:5      | Noticed Exe's ghost (novice MiAr)
  4103 | D:5      | Noticed an orc warrior
  4483 | D:4      | Killed an orc warrior
  4605 | D:5      | Noticed a steam dragon
  4636 | D:4      | Reached XP level 7. HP: 68/71 MP: 13/13
  4980 | D:6      | Noticed Maggie
  5088 | D:6      | Reached skill level 5 in Fighting
  5207 | D:6      | HP: 2/63 [wight/+4 halberd of freezing (5)]
  5208 | D:6      | Mangled by a wight

Illustrated notes

Levels and vault maps discovered:
D:1:      tarquinn_simple_flora_water_b, layout_rooms, minivault_14
D:2:      layout_loops_corners, general_overflow_altar, uniq_crazy_yiuf_cottage
D:3:      layout_loops_cross, lemuel_round_altar, gammafunk_ghost_abyssal_escape
D:4:      layout_rooms, gammafunk_temple_overflow_claw, ebering_ghost_sewer_d,
          corexii_item_surrounded_by_moat, uniq_eustachio
D:5:      kennysheep_steamy, layout_cave_pools, ebering_ghost_gozag,
          guppyfry_early_orc_mine, uniq_pikel, uniq_edmund
D:6:      layout_basic, basic_altar, uniq_maggie

Skill      XL: |  1  2  3  4  5  6  7 |
---------------+----------------------+-----
Fighting       | 3 4 5 |  5.0
Maces & Flails | 2 3 |  3.4
Translocations | 3 4 |  4.0
Spellcasting   | 3 4 |  4.2
Dodging        | 3 |  3.6
Throwing       | |  1.0

Action                   |  1- 3 |  4- 6 |  7- 9 || total
-------------------------+-------+-------+-------++-------
Melee: Mace              |   155 |   411 |   105 ||   671
Throw: Dart              |       |     4 |       ||     4
       Large rock        |       |     2 |       ||     2
 Cast: Blink             |     4 |     9 |     2 ||    15
       Teleport Other    |       |    10 |     2 ||    12
  Use: Potion            |     2 |       |       ||     2
       Scroll            |       |     4 |       ||     4
Armor: Robe              |    30 |   211 |    42 ||   283
Dodge: Dodged            |    98 |   262 |    51 ||   411

Table legend: (Time is in decaauts)
 A = Elapsed time spent in this place.
 B = Non-inter-level travel time spent in this place.
 C = Inter-level travel time spent in this place.
 D = Time resting spent in this place.
 E = Time spent auto-exploring this place.
 F = Levels seen in this place.
 G = Mean time per level.
                   A        B        C        D        E       F      G
               +--------+--------+--------+--------+--------+-----+--------+
         Total |   5400 |   5300 |    100 |    698 |   1816 |   6 |  900.0 |
       Dungeon |   5400 |   5300 |    100 |    698 |   1816 |   6 |  900.0 |
               +--------+--------+--------+--------+--------+-----+--------+

Top non-repeatable levels by time:
     D:2: 1161 daAuts
     D:4: 1139 daAuts
     D:1: 1001 daAuts
     D:5: 953 daAuts
     D:3: 922 daAuts
     D:6: 221 daAuts
